 Dungeon Sprint DCSS version 0.29-a0-664-gff9cad4a3d (webtiles) character file.

Game seed: 6211044534562951489

9500000 blackman the Axe Maniac (level 27, -3/273 HPs)
             Began as a Minotaur Gladiator on June 22, 2022.
             Was the Champion of Makhleb.
             Slain by a sculptor of flesh
             ... wielding a +9 great sword
              (245 damage)
             ... in the Dungeon (Sprint VIII: "Arena of Blood").
             The game lasted 00:05:04 (95 turns).

blackman the Axe Maniac (Minotaur Gladiator)          Turns: 95, Time: 00:05:05

Health: -3/273     AC:  6    Str: 33    XL:     27
Magic:  28/50      EV: 24    Int:  5    God:    Makhleb [******]
Gold:   0          SH:  0    Dex: 12    Spells: 74/74 levels left

rFire   . . .      SeeInvis .   l - +∞ Axe of Woe
rCold   . . .      Faith    .   (shield currently unavailable)
rNeg    . . .      Spirit   .   b - +0 leather armour
rPois   .          Reflect  .   c - +0 hat
rElec   .          Harm     .   (no cloak)
rCorr   .          Rampage  .   (no gloves)
Will    ++...      NoTele   +   (no boots)
Stlth   +++++++++.              (no amulet)
HPRegen 0.55/turn               m - +100 ring of slaying
MPRegen 0.32/turn               (no ring)

@: no status effects
A: horns 2, retaliatory headbutt
a: Renounce Religion, Minor Destruction, Lesser Servant of Makhleb, Major
Destruction, Greater Servant of Makhleb


You were in the Dungeon.
You worshipped Makhleb.
Makhleb was exalted by your worship.
You visited 1 branch

Inventory:

Hand Weapons
 a - a +0 war axe
 l - the +∞ Axe of Woe (weapon)
   (You found it in the Dungeon)
Missiles
 d - 3 throwing nets (quivered)
 e - a javelin
Armour
 b - a +0 leather armour (worn)
 c - a +0 hat (worn)
Jewellery
 m - a +100 ring of slaying (left hand)
 n - a +200 ring of slaying
Scrolls
 k - a scroll of blinking
Potions
 f - a potion of curing
 h - a potion of haste
 i - 2 potions of magic
 j - a potion of berserk rage


   Skills:
 O Level 27 Fighting
 O Level 27 Short Blades
 O Level 27 Long Blades
 O Level 27 Axes
 O Level 27 Maces & Flails
 O Level 27 Polearms
 O Level 27 Staves
 O Level 27 Slings
 O Level 27 Bows
 O Level 27 Crossbows
 O Level 27 Throwing
 O Level 27 Armour
 O Level 27 Dodging
 O Level 27 Stealth
 O Level 27 Shields
 O Level 27 Unarmed Combat
 * Level 24.4 Spellcasting
 * Level 26.3 Conjurations
 * Level 24.4 Hexes
 * Level 26.2 Summonings
 * Level 26.3 Necromancy
 * Level 26.4 Translocations
 O Level 27 Transmutations
 * Level 26.2 Fire Magic
 * Level 26.4 Ice Magic
 * Level 26.3 Air Magic
 O Level 27 Earth Magic
 * Level 26.3 Poison Magic
 O Level 27 Invocations
 O Level 27 Evocations


You had 74 spell levels left.
You didn't know any spells.
Your spell library was empty.

Dungeon Overview and Level Annotations

Branches:
Dungeon (1/1)

Altars:
Makhleb


Innate Abilities, Weirdness & Mutations

You have a pair of horns on your head.
You reflexively headbutt those who attack you in melee.


Message History

You cut the meat beast into ribbons!!!!
You fatally mangle the meat beast.
You kill the meat beast!
Makhleb accepts your kill.
You feel better.
You open the bag of meat like a pillowcase!!!
You pulverise the bag of meat into a thin bloody mist.
You blow up the bag of meat!
Makhleb accepts your kill.
You feel better.
You carve the bag of meat like a ham!!!!
You hew the bag of meat savagely.
You kill the bag of meat!
Makhleb accepts your kill.
You feel better.
You cut the bag of meat into ribbons!!! You chop the bag of meat into pieces.
You kill the bag of meat!
Makhleb accepts your kill.
You feel better.
You hear a shout!
The accursed gestures at you while chanting.
Something smites you!
Your Spellcasting skill increases to level 24!
Your Conjurations skill increases to level 26!
Your Hexes skill increases to level 24!
Your Summonings skill increases to level 26!
Your Necromancy skill increases to level 26!
Your Translocations skill increases to level 26!
Your Fire Magic skill increases to level 26!
Your Ice Magic skill increases to level 26!
Your Air Magic skill increases to level 26!
Your Poison Magic skill increases to level 26!
A bag of meat and a large bag of meat come into view.
The meat berserker completely misses you.
You hear a shout! x2
The bag of meat is engulfed in blazing flames.
The accursed casts a spell at you. Something smites you!
The sculptor of flesh hits you with a +9 great sword!!!!!
Ouch! That really hurt!
You die...

......#_)§)_#....
......#)o)).#....
#.....)))2...oM...
......))###☼oo..o.
...###M.°☼oo.###..
.. #..))☼o.# ...
...#..))o..#....
......))).......
.....O{O@......#
........z.OM...#.
........oo..z##..
...#........#L.
......OMoo.#...#
.##.#o...... .O2
............ .
....#.....###


You could see 4 accurseds, a meat beast (fast), a tyrant (fast), 2 sculptors of
flesh, 3 large bags of meat, 2 meat berserkers and 12 bags of meat.

Vanquished Creatures
  8 hell beasts (D)
  A wraith (D)
  13 vampire knights (D)
  36 ogres (D)
  5 two-headed ogres (D)
  4 liches (D)
  A hydra (D)
  A phantom (D)
  70 orcs (D)
  6 skeletal warriors (D)
145 creatures vanquished.

Notes
Turn   | Place    | Note
-------+----------+-------------------------------------------
     0 | D        | Found the +∞ Axe of Woe
     0 | D        | blackman the Minotaur Gladiator began the quest for the
                  | Orb.
     0 | D        | Reached XP level 1. HP: 18/18 MP: 0/0
     1 | D        | Noticed a bag of meat
     1 | D        | Noticed a bag of meat
     2 | D        | Noticed a bag of meat
     3 | D        | Became a worshipper of Makhleb the Destroyer
     3 | D        | Noticed a bag of meat
     5 | D        | Noticed a bag of meat
     5 | D        | Noticed a meat berserker
     6 | D        | Noticed a bag of meat
     8 | D        | Killed a bag of meat
     8 | D        | Noticed a bag of meat
     9 | D        | Reached skill level 15 in Fighting
     9 | D        | Reached skill level 15 in Axes
     9 | D        | Reached XP level 2. HP: 49/49 MP: 1/1
     9 | D        | Reached XP level 3. HP: 56/56 MP: 2/2
     9 | D        | Reached XP level 4. HP: 63/63 MP: 3/3
     9 | D        | Reached XP level 5. HP: 70/70 MP: 4/4
     9 | D        | Reached XP level 6. HP: 78/78 MP: 5/5
     9 | D        | Reached XP level 7. HP: 84/84 MP: 6/6
     9 | D        | Reached XP level 8. HP: 92/92 MP: 7/7
     9 | D        | Reached XP level 9. HP: 100/100 MP: 8/8
     9 | D        | Reached XP level 10. HP: 107/107 MP: 9/9
     9 | D        | Killed a bag of meat
     9 | D        | Reached * piety under Makhleb
    10 | D        | Reached XP level 11. HP: 114/114 MP: 10/10
    10 | D        | Killed a meat berserker
    10 | D        | Killed a bag of meat
    11 | D        | Reached skill level 27 in Axes
    11 | D        | Reached XP level 12. HP: 145/145 MP: 11/11
    11 | D        | Reached XP level 13. HP: 151/151 MP: 12/12
    11 | D        | Killed a bag of meat
    11 | D        | Reached ** piety under Makhleb
    12 | D        | Reached skill level 27 in Fighting
    12 | D        | Reached skill level 15 in Dodging
    12 | D        | Noticed a bag of meat
    13 | D        | Noticed a bag of meat
    14 | D        | Killed a bag of meat
    15 | D        | Reached skill level 10 in Armour
    15 | D        | Reached XP level 14. HP: 168/168 MP: 13/13
    15 | D        | Killed a bag of meat
    15 | D        | Noticed a bag of meat
    15 | D        | Noticed a meat berserker
    16 | D        | Noticed a bag of meat
    17 | D        | Killed a bag of meat
    17 | D        | Reached *** piety under Makhleb
    17 | D        | Noticed a meat berserker
    17 | D        | Noticed a bag of meat
    18 | D        | Noticed a meat berserker
    18 | D        | Noticed a bag of meat
    19 | D        | Killed a bag of meat
    21 | D        | Noticed a large bag of meat
    21 | D        | Killed a meat berserker
    21 | D        | Noticed a meat berserker
    22 | D        | Reached XP level 15. HP: 174/174 MP: 14/14
    22 | D        | Noticed a meat berserker
    23 | D        | Killed a meat berserker
    23 | D        | Reached **** piety under Makhleb
    24 | D        | Killed a meat berserker
    24 | D        | Noticed a meat berserker
    25 | D        | Reached skill level 27 in Armour
    25 | D        | Reached skill level 27 in Dodging
    25 | D        | Reached XP level 16. HP: 183/183 MP: 14/21
    26 | D        | Killed a meat berserker
    26 | D        | Noticed a meat berserker
    27 | D        | Noticed a large bag of meat
    27 | D        | Noticed a large bag of meat
    28 | D        | Noticed a meat berserker
    29 | D        | Killed a large bag of meat
    29 | D        | Reached ***** piety under Makhleb
    29 | D        | Killed a meat berserker
    29 | D        | Noticed a meat berserker
    29 | D        | Noticed a meat berserker
    30 | D        | Reached skill level 27 in Invocations
    30 | D        | Reached skill level 5 in Maces & Flails
    30 | D        | Reached skill level 5 in Polearms
    30 | D        | Reached skill level 5 in Staves
    30 | D        | Reached skill level 5 in Shields
    30 | D        | Reached XP level 17. HP: 165/191 MP: 14/33
    30 | D        | Noticed a destroyer
    30 | D        | Noticed a meat berserker
    31 | D        | Killed a meat berserker
    33 | D        | Reached skill level 10 in Unarmed Combat
    33 | D        | Killed a destroyer
    33 | D        | Reached ****** piety under Makhleb
    33 | D        | Killed a meat berserker
    34 | D        | Reached XP level 18. HP: 200/200 MP: 15/34
    34 | D        | Killed a large bag of meat
    35 | D        | Reached skill level 15 in Unarmed Combat
    35 | D        | Killed a large bag of meat
    36 | D        | Killed a meat berserker
    36 | D        | Killed a meat berserker
    36 | D        | Killed a meat berserker
    36 | D        | Noticed a meat berserker
    36 | D        | Noticed a meat berserker
    37 | D        | Reached XP level 19. HP: 193/207 MP: 15/35
    37 | D        | Killed a meat berserker
    37 | D        | Noticed a meat berserker
    38 | D        | Killed a meat berserker
    40 | D        | Noticed a destroyer
    41 | D        | Killed a meat berserker
    42 | D        | Reached XP level 20. HP: 216/216 MP: 16/36
    42 | D        | Noticed a destroyer
    43 | D        | Killed a destroyer
    43 | D        | Noticed a tyrant
    45 | D        | Killed a meat berserker
    45 | D        | Noticed a meat berserker
    46 | D        | Reached XP level 21. HP: 224/224 MP: 17/37
    47 | D        | Reached skill level 27 in Maces & Flails
    47 | D        | Reached skill level 27 in Polearms
    47 | D        | Reached skill level 27 in Staves
    47 | D        | Reached skill level 27 in Shields
    47 | D        | Noticed a tyrant
    48 | D        | Reached skill level 27 in Throwing
    48 | D        | Killed a destroyer
    48 | D        | Killed a tyrant
    48 | D        | Noticed a destroyer
    49 | D        | Reached skill level 27 in Stealth
    49 | D        | Reached skill level 27 in Unarmed Combat
    49 | D        | Reached skill level 27 in Evocations
    49 | D        | Reached skill level 1 in Spellcasting
    49 | D        | Reached skill level 1 in Conjurations
    49 | D        | Reached skill level 1 in Hexes
    49 | D        | Reached skill level 1 in Air Magic
    49 | D        | Reached XP level 22. HP: 233/233 MP: 18/38
    52 | D        | Reached skill level 5 in Short Blades
    52 | D        | Reached skill level 5 in Slings
    52 | D        | Reached skill level 5 in Bows
    52 | D        | Reached skill level 5 in Crossbows
    53 | D        | Reached skill level 10 in Long Blades
    53 | D        | Reached skill level 5 in Spellcasting
    53 | D        | Reached skill level 5 in Hexes
    53 | D        | Noticed a destroyer
    55 | D        | Reached skill level 10 in Short Blades
    55 | D        | Reached skill level 10 in Slings
    55 | D        | Reached skill level 10 in Bows
    55 | D        | Reached skill level 10 in Crossbows
    55 | D        | Reached XP level 23. HP: 240/240 MP: 19/39
    56 | D        | Noticed a destroyer
    57 | D        | Killed a tyrant
    58 | D        | Reached skill level 10 in Transmutations
    58 | D        | Reached skill level 10 in Earth Magic
    60 | D        | Noticed a destroyer
    63 | D        | Killed a destroyer
    63 | D        | Noticed a meat beast
    64 | D        | Reached skill level 15 in Short Blades
    64 | D        | Reached skill level 15 in Slings
    64 | D        | Reached skill level 15 in Bows
    64 | D        | Reached skill level 15 in Crossbows
    64 | D        | Reached skill level 10 in Spellcasting
    64 | D        | Reached skill level 10 in Hexes
    64 | D        | Reached XP level 24. HP: 249/249 MP: 21/39
    66 | D        | Killed a destroyer
    67 | D        | Noticed a meat beast
    67 | D        | Noticed a dread
    67 | D        | Noticed a destroyer
    67 | D        | Noticed a meat beast
    67 | D        | Noticed a meat beast
    67 | D        | Noticed a large bag of meat
    67 | D        | Noticed a large bag of meat
    67 | D        | Noticed a tyrant
    68 | D        | Killed a meat beast
    69 | D        | Reached XP level 25. HP: 62/257 MP: 22/39
    72 | D        | Killed a destroyer
    73 | D        | Reached skill level 15 in Transmutations
    73 | D        | Reached skill level 15 in Earth Magic
    74 | D        | Killed a destroyer
    74 | D        | Killed a dread
    75 | D        | Reached skill level 15 in Conjurations
    75 | D        | Reached skill level 15 in Summonings
    75 | D        | Reached skill level 15 in Necromancy
    75 | D        | Reached skill level 15 in Translocations
    75 | D        | Reached skill level 15 in Fire Magic
    75 | D        | Reached skill level 15 in Ice Magic
    75 | D        | Reached skill level 15 in Air Magic
    75 | D        | Reached skill level 15 in Poison Magic
    75 | D        | Killed a large bag of meat
    75 | D        | Noticed a tyrant
    76 | D        | Noticed a meat beast
    76 | D        | Killed a tyrant
    76 | D        | Killed a meat beast
    77 | D        | Reached skill level 15 in Spellcasting
    77 | D        | Reached skill level 15 in Hexes
    77 | D        | Reached XP level 26. HP: 135/266 MP: 23/41
    77 | D        | Killed a meat beast
    78 | D        | Killed a destroyer
    79 | D        | Killed a large bag of meat
    80 | D        | Reached XP level 27. HP: 247/273 MP: 24/42
    80 | D        | Killed a meat beast
    80 | D        | Noticed a destroyer
    80 | D        | Noticed a destroyer
    81 | D        | Reached skill level 27 in Long Blades
    82 | D        | Killed a meat beast
    83 | D        | Noticed a meat beast
    83 | D        | Noticed a destroyer
    84 | D        | Killed a tyrant
    84 | D        | Noticed a destroyer
    85 | D        | Reached skill level 27 in Short Blades
    85 | D        | Reached skill level 27 in Slings
    85 | D        | Reached skill level 27 in Bows
    85 | D        | Reached skill level 27 in Crossbows
    85 | D        | Noticed an accursed
    85 | D        | Noticed a destroyer
    86 | D        | Noticed a meat beast
    86 | D        | Noticed a large bag of meat
    87 | D        | Killed a destroyer
    87 | D        | Killed a destroyer
    87 | D        | Killed a destroyer
    87 | D        | Noticed an accursed
    89 | D        | Noticed a meat beast
    90 | D        | Killed a meat beast
    90 | D        | Noticed an accursed
    90 | D        | Noticed a tyrant
    91 | D        | Noticed an accursed
    91 | D        | Killed a destroyer
    91 | D        | Killed a meat beast
    91 | D        | Noticed a large bag of meat
    93 | D        | Killed a destroyer
    93 | D        | Noticed an accursed
    93 | D        | Noticed a destroyer
    94 | D        | Reached skill level 27 in Transmutations
    94 | D        | Reached skill level 27 in Earth Magic
    94 | D        | Killed a meat beast
    95 | D        | Noticed a large bag of meat
    95 | D        | Slain by a sculptor of flesh

Illustrated notes

Levels and vault maps discovered:
D:        meatsprint

Skill      XL: |  1  2  3  4  5  6  7  8  9 10 11 12 13 14 15 16 17 18 19 20 21 22 23 24 25 26 27 |
---------------+----------------------------------------------------------------------------------+-----
Fighting       | 15 24 27 | 27.0
Axes           | 15 23 27 | 27.0
Throwing       | 13 14 17 21 23 25 27 | 27.0
Dodging        | 14 17 24 27 | 27.0
Armour         | 10 22 27 | 27.0
Invocations    | 9 27 | 27.0
Maces & Flails | 5 14 20 23 26 27 | 27.0
Polearms       | 5 14 20 23 26 27 | 27.0
Staves         | 5 14 20 23 26 27 | 27.0
Stealth        | 3 11 16 18 21 27 | 27.0
Shields        | 5 14 20 23 26 27 | 27.0
Unarmed Combat | 4 13 18 21 24 27 | 27.0
Evocations     | 3 11 16 18 21 27 | 27.0
Short Blades   | 2 10 15 18 22 24 27 | 27.0
Long Blades    | 3 11 16 20 24 25 27 | 27.0
Slings         | 3 10 15 18 22 24 27 | 27.0
Bows           | 3 10 15 18 22 24 27 | 27.0
Crossbows      | 3 10 15 18 22 24 27 | 27.0
Spellcasting   | 1 6 10 12 15 16 24 | 24.4
Conjurations   | 1 7 11 13 16 17 26 | 26.3
Hexes          | 1 6 10 12 15 16 24 | 24.4
Summonings     | 2 7 11 13 16 17 26 | 26.2
Necromancy     | 2 7 11 13 16 17 26 | 26.3
Translocations | 2 7 11 13 16 17 26 | 26.4
Transmutations | 2 8 12 14 17 19 27 | 27.0
Fire Magic     | 2 7 11 13 16 17 26 | 26.2
Ice Magic      | 2 7 11 13 16 17 26 | 26.4
Air Magic      | 1 7 11 13 16 17 26 | 26.3
Earth Magic    | 2 8 12 14 17 19 27 | 27.0
Poison Magic   | 2 7 11 13 16 17 26 | 26.3

Action                   |  1- 3 |  4- 6 |  7- 9 | 10-12 | 13-15 | 16-18 | 19-21 | 22-24 | 25-27 || total
-------------------------+-------+-------+-------+-------+-------+-------+-------+-------+-------++-------
Melee: Executioner's axe |     1 |       |       |     2 |     8 |     9 |     8 |    13 |    22 ||    63
  Use: Potion            |       |       |       |       |       |       |       |       |     1 ||     1
Armor: Leather armour    |       |       |       |       |       |       |     1 |       |       ||     1
Dodge: Dodged            |       |       |       |       |     1 |       |       |     2 |     6 ||     9

Table legend: (Time is in decaauts)
 A = Elapsed time spent in this place.
 B = Non-inter-level travel time spent in this place.
 C = Inter-level travel time spent in this place.
 D = Time resting spent in this place.
 E = Time spent auto-exploring this place.
 F = Levels seen in this place.
 G = Mean time per level.
                   A        B        C        D        E       F      G
               +--------+--------+--------+--------+--------+-----+--------+
         Total |     76 |     76 |      0 |      0 |      0 |   1 |   76.0 |
       Dungeon |     76 |     76 |      0 |      0 |      0 |   1 |   76.0 |
               +--------+--------+--------+--------+--------+-----+--------+

Top non-repeatable levels by time:
       D: 76 daAuts
